cohdb
Replays
Latest Replays
All Replays
Popular Replays
Top Player Replays
Match Explorer
How It Works
Community
CoH3 Stats
Reddit
Sign in to upload your games and track your stats! →
Sign in with Steam
Match 42403201
Unlisted
Match 42403201
Overview
Messages
Build Orders
End
Construct Infanterie Kompanie
Selects Terror Battlegroup
Selects Machine Gun Camouflage
MG 42 Machine Gun Team
Grenadier Squad
GrW 34 Mortar Team
Grenadier Squad
Construct Panzergrenadier Kompanie
Panzergrenadier Squad
Pak 40 Anti-tank Gun Team
Panzergrenadier Officer Quarters
Medical Bunker
Construct Panzer Kompanie
Stoßtruppen Squad
Duffman™
panther
Oier
Dark Angels
Henry Shi
Squirtle
MY:OATZ
Tharrats
0
0
Comments
sign in to comment!
No comments posted yet!